PA-
ATHLETIC CLUB KC U-21 @ MAINE SEA DOGS
07/19/2054
 
TOP OF THE 1ST
Athletic Club KC U-21 batting - Pitching for Maine Sea Dogs : RHP Kojuro Kitakawa
Pitching: RHP Kojuro Kitakawa
Batting: RHB Rhys Jeffes 0-0: Foul Ball, location: 2F
0-1: SINGLE (Groundball, 6MD, EV 101.9 MPH)
Batting: LHB Loflinger Theissen 0-0: Foul Ball, location: 2F
0-1: DOUBLE (Line Drive, 78M, EV 110.0 MPH)
Rhys Jeffes to third
Batting: SHB Bartolo Rojas 0-0: Foul Ball, location: 2F
0-1: Called Strike
0-2: Strikes out swinging
Batting: RHB Martin Ryan 0-0: Called Strike
0-1: Foul Ball, location: 2F
0-2: Ball
1-2: Ball
2-2: Strikes out swinging
Batting: SHB Claudio Herrera 0-0: Swinging Strike
0-1: Called Strike
0-2: Ball
1-2: Strikes out swinging
Top of the 1st over - 0 runs, 2 hits, 0 errors, 2 left on base; Athletic Club KC 0 - Maine 0
BOTTOM OF THE 1ST
Maine Sea Dogs batting - Pitching for Athletic Club KC U-21 : LHP Jesse Bell
Pitching: LHP Jesse Bell
Batting: LHB Timmo Pelikaan 0-0: Ball
1-0: Ball
2-0: Fly out, F8 (Flyball, 8LD, EV 102.5 MPH)
Batting: RHB Tyler Romero 0-0: Called Strike
0-1: Fly out, F7 (Flyball, 78M, EV 97.5 MPH)
Batting: RHB Christopher Godsall 0-0: Called Strike
0-1: Ground out 6-3 (Groundball, 6, EV 79.4 MPH)
Bottom of the 1st over - 0 runs, 0 hits, 0 errors, 0 left on base; Athletic Club KC 0 - Maine 0
TOP OF THE 2ND
Athletic Club KC U-21 batting - Pitching for Maine Sea Dogs : RHP Kojuro Kitakawa
Batting: RHB Kelsey Walker 0-0: Ball
1-0: Ball
2-0: Called Strike
2-1: Called Strike
2-2: Ball
3-2: Base on Balls
Batting: RHB Carl Vaughn 0-0: Ball
Passed Ball!
Kelsey Walker to second
1-0: Swinging Strike
1-1: Called Strike
1-2: Foul Ball, location: 2F
1-2: Strikes out swinging
Batting: RHB Ni Xú 0-0: Ground out 4-3 (Groundball, 4, EV 101.2 MPH)
Kelsey Walker to third
Batting: LHB Javier Matos 0-0: Ball
1-0: Foul Ball, location: 2F
1-1: Ball
2-1: Ball
3-1: Ground out 6-3 (Groundball, 6M, EV 80.6 MPH)
Top of the 2nd over - 0 runs, 0 hits, 0 errors, 1 left on base; Athletic Club KC 0 - Maine 0
BOTTOM OF THE 2ND
Maine Sea Dogs batting - Pitching for Athletic Club KC U-21 : LHP Jesse Bell
Batting: SHB Dong-hua Sima 0-0: Ball
1-0: Called Strike
1-1: Swinging Strike
1-2: Foul Ball, location: 2F
1-2: Ball
2-2: Foul Ball, location: 2F
2-2: Ball
3-2: Fly out, F9 (Flyball, 9D, EV 91.2 MPH)
Batting: LHB Max Guatierri 0-0: Ball
1-0: Called Strike
1-1: Foul Ball, location: 2F
1-2: SOLO HOME RUN (Line Drive, 9LD, EV 100.0 MPH), Distance : 391 ft
Batting: LHB George Houston 0-0: Ball
1-0: Ball
2-0: Ball
3-0: Called Strike
3-1: Foul Ball, location: 2F
3-2: Foul Ball, location: 2F
3-2: Fly out, F9 (Flyball, 9S, EV 90.0 MPH)
Pitching: RHP Alberto Rivera
Batting: RHB Gilbert Bishop 0-0: DOUBLE (Groundball, 5L, EV 108.1 MPH)
Batting: LHB Yu Wang 0-0: Ball
1-0: Called Strike
1-1: Swinging Strike
1-2: Ball
2-2: Fly out, F7 (Flyball, 7D, EV 100.6 MPH)
Bottom of the 2nd over - 1 run, 2 hits, 0 errors, 1 left on base; Athletic Club KC 0 - Maine 1
TOP OF THE 3RD
Athletic Club KC U-21 batting - Pitching for Maine Sea Dogs : RHP Kojuro Kitakawa
Batting: RHB Rhys Jeffes 0-0: Called Strike
0-1: Called Strike
0-2: Strikes out swinging
Batting: LHB Loflinger Theissen 0-0: Ball
1-0: Ball
2-0: Foul Ball, location: 2F
2-1: Ball
3-1: Swinging Strike
3-2: Foul Ball, location: 2F
3-2: Base on Balls
Batting: SHB Bartolo Rojas 0-0: DOUBLE (Line Drive, 89M, EV 99.4 MPH)
Loflinger Theissen to third
Batting: RHB Martin Ryan 0-0: Foul Ball, location: 2F
0-1: Fly out, F7 (Line Drive, 7D, EV 95.6 MPH)
Runner from 3rd tags up, SCORES, throw by LF
Batting: SHB Claudio Herrera 0-0: Foul Ball, location: 2F
0-1: Ball
1-1: Swinging Strike
1-2: Ball
2-2: Fly out, F8 (Flyball, 8LM, EV 87.5 MPH)
Top of the 3rd over - 1 run, 1 hit, 0 errors, 1 left on base; Athletic Club KC 1 - Maine 1
BOTTOM OF THE 3RD
Maine Sea Dogs batting - Pitching for Athletic Club KC U-21 : RHP Alberto Rivera
Batting: LHB Eddie Jones 0-0: Ball
1-0: Ball
2-0: Called Strike
2-1: Foul Ball, location: 2F
2-2: Ground out 6-3 (Groundball, 6, EV 80.0 MPH)
Batting: LHB Timmo Pelikaan 0-0: Ground out 4-3 (Groundball, 4, EV 111.2 MPH)
Batting: RHB Tyler Romero 0-0: Ball
1-0: Foul Ball, location: 2F
1-1: Ball
2-1: Ball
3-1: Foul Ball, location: 2F
3-2: Base on Balls
Batting: RHB Christopher Godsall 0-0: Foul Ball, location: 2F
0-1: Ball
1-1: Swinging Strike
1-2: Foul Ball, location: 2F
1-2: 2-RUN HOME RUN (Flyball, 7D, EV 96.9 MPH), Distance : 368 ft
Batting: SHB Dong-hua Sima 0-0: Ball
1-0: Swinging Strike
1-1: Ground out 6-3 (Groundball, 6M, EV 98.1 MPH)
Bottom of the 3rd over - 2 runs, 1 hit, 0 errors, 0 left on base; Athletic Club KC 1 - Maine 3
TOP OF THE 4TH
Athletic Club KC U-21 batting - Pitching for Maine Sea Dogs : RHP Kojuro Kitakawa
Batting: RHB Kelsey Walker 0-0: Ball
1-0: Foul Ball, location: 2F
1-1: Ball
2-1: Fly out, F9 (Line Drive, 89M, EV 91.9 MPH)
Batting: RHB Carl Vaughn 0-0: Called Strike
0-1: Called Strike
0-2: Strikes out looking
Batting: RHB Ni Xú 0-0: Called Strike
0-1: Ball
1-1: Foul Ball, location: 2F
1-2: Ball
2-2: Ball
3-2: SINGLE (Groundball, 56D, EV 100.0 MPH)
Batting: LHB Javier Matos Pickoff Throw to First - Out! 1-3
Top of the 4th over - 0 runs, 1 hit, 0 errors, 0 left on base; Athletic Club KC 1 - Maine 3
BOTTOM OF THE 4TH
Maine Sea Dogs batting - Pitching for Athletic Club KC U-21 : RHP Alberto Rivera
Batting: LHB Max Guatierri 0-0: Foul Ball, location: 2F
0-1: Ball
1-1: Ball
2-1: Reached on error, E6 (Groundball, 6S, EV 71.2 MPH)
Batting: LHB George Houston 0-0: Called Strike
0-1: Ball
1-1: Fly out, F7 (Flyball, 78S, EV 93.8 MPH)
Batting: RHB Gilbert Bishop 0-0: Foul Ball, location: 2F
0-1: Ball
1-1: Swinging Strike
1-2: Strikes out swinging
Batting: LHB Yu Wang 0-0: Foul Ball, location: 2F
0-1: Foul Ball, location: 2F
0-2: Ball
1-2: Ball
2-2: Strikes out swinging
Bottom of the 4th over - 0 runs, 0 hits, 1 error, 1 left on base; Athletic Club KC 1 - Maine 3
TOP OF THE 5TH
Athletic Club KC U-21 batting - Pitching for Maine Sea Dogs : RHP Kojuro Kitakawa
Batting: LHB Javier Matos 0-0: Called Strike
0-1: Ground out 2-3 (Groundball, 2R, EV 64.4 MPH)
Batting: RHB Rhys Jeffes 0-0: Swinging Strike
0-1: SINGLE (Line Drive, 78S, EV 98.8 MPH)
Batting: LHB Loflinger Theissen 0-0: Ball
Rhys Jeffes steals 2nd base
1-0: Called Strike
1-1: Swinging Strike
1-2: Strikes out swinging, 2-3 out at first.
Batting: SHB Bartolo Rojas 0-0: Called Strike
0-1: Ball
1-1: Ball
2-1: Foul Ball, location: 2F
2-2: Strikes out swinging
Top of the 5th over - 0 runs, 1 hit, 0 errors, 1 left on base; Athletic Club KC 1 - Maine 3
BOTTOM OF THE 5TH
Maine Sea Dogs batting - Pitching for Athletic Club KC U-21 : RHP Alberto Rivera
Batting: LHB Eddie Jones 0-0: Ball
1-0: Foul Ball, location: 2F
1-1: Ball
2-1: SINGLE (Groundball, 34D, EV 96.2 MPH)
Batting: LHB Timmo Pelikaan 0-0: Bunted foul
0-1: Sac Bunt to 13 - play at first, batter OUT! 1-3
Eddie Jones to second
Batting: RHB Tyler Romero 0-0: Ball
1-0: Foul Ball, location: 2F
1-1: Fly out, F4 (Popup, 34S, EV 83.1 MPH)
Batting: RHB Christopher Godsall 0-0: Ball
1-0: Ball
2-0: Ball
3-0: Called Strike
3-1: Fly out, F9 (Flyball, 89M, EV 83.1 MPH)
Bottom of the 5th over - 0 runs, 1 hit, 0 errors, 1 left on base; Athletic Club KC 1 - Maine 3
TOP OF THE 6TH
Athletic Club KC U-21 batting - Pitching for Maine Sea Dogs : RHP Kojuro Kitakawa
Batting: RHB Martin Ryan 0-0: Ball
1-0: Foul Ball, location: 2F
1-1: Swinging Strike
1-2: Strikes out swinging
Batting: SHB Claudio Herrera 0-0: Ball
1-0: Ball
2-0: Ball
3-0: Called Strike
3-1: Called Strike
3-2: Ground out U3 (Groundball, 13, EV 86.2 MPH)
Batting: RHB Kelsey Walker 0-0: Called Strike
0-1: Swinging Strike
0-2: Strikes out swinging
Top of the 6th over - 0 runs, 0 hits, 0 errors, 0 left on base; Athletic Club KC 1 - Maine 3
BOTTOM OF THE 6TH
Maine Sea Dogs batting - Pitching for Athletic Club KC U-21 : RHP Alberto Rivera
Batting: SHB Dong-hua Sima 0-0: SINGLE (Groundball, 6MD, EV 98.1 MPH)
Batting: LHB Max Guatierri 0-0: Ball
1-0: Ball
2-0: SINGLE (Groundball, 4MD, EV 110.6 MPH)
Dong-hua Sima to second
Runner from 2nd tries for 3rd, SAFE, no throw by CF
Batting: LHB George Houston 0-0: Called Strike
0-1: Ball
1-1: Foul Ball, location: 2F
1-2: Ball
2-2: Foul Ball, location: 2F
2-2: Ball
3-2: Fly out, F4 (Popup, 34D, EV 51.2 MPH)
Pitching: LHP Ernesto Bernal
Batting: RHB Gilbert Bishop 0-0: Called Strike
0-1: Swinging Strike
0-2: Fly out, F7 (Line Drive, 7LM, EV 93.1 MPH)
Runner from 3rd tags up, SCORES, throw by LF
Batting: LHB Yu Wang 0-0: Ball
1-0: Called Strike
1-1: SINGLE (Flyball, 56D, EV 93.1 MPH)
Max Guatierri to second
Batting: LHB Eddie Jones 0-0: Swinging Strike
0-1: Ball
1-1: DOUBLE (Line Drive, 9LS, EV 114.4 MPH)
Max Guatierri scores
Yu Wang to third
Batting: LHB Timmo Pelikaan 0-0: Ball
Passed Ball!
Yu Wang scores
Eddie Jones to third
1-0: Ball
2-0: Ball
3-0: Called Strike
3-1: Called Strike
3-2: Foul Ball, location: 2F
3-2: Ground out 1-3 (Groundball, 13S, EV 70.6 MPH)
Bottom of the 6th over - 3 runs, 4 hits, 0 errors, 1 left on base; Athletic Club KC 1 - Maine 6
TOP OF THE 7TH
Athletic Club KC U-21 batting - Pitching for Maine Sea Dogs : RHP Kojuro Kitakawa
Pitching: LHP Víctor Sánchez
Batting: RHB Carl Vaughn 0-0: Ball
1-0: Foul Ball, location: 2F
1-1: Ball
2-1: Swinging Strike
2-2: Ball
3-2: Ground out 6-3 (Groundball, 6, EV 83.1 MPH)
Batting: RHB Ni Xú 0-0: Ball
1-0: Foul Ball, location: 2F
1-1: SOLO HOME RUN (Flyball, 7D, EV 108.1 MPH), Distance : 389 ft
Batting: LHB Javier Matos 0-0: Ground out 6-3 (Groundball, 6, EV 108.8 MPH)
Batting: RHB Rhys Jeffes 0-0: Ball
1-0: Called Strike
1-1: Foul Ball, location: 2F
1-2: Strikes out swinging
Top of the 7th over - 1 run, 1 hit, 0 errors, 0 left on base; Athletic Club KC 2 - Maine 6
BOTTOM OF THE 7TH
Maine Sea Dogs batting - Pitching for Athletic Club KC U-21 : LHP Ernesto Bernal
Batting: RHB Tyler Romero 0-0: Called Strike
0-1: Foul Ball, location: 2F
0-2: Ball
1-2: SINGLE (Line Drive, 8LS, EV 91.2 MPH)
Batting: RHB Christopher Godsall 0-0: Ball
1-0: Ball
2-0: Foul Ball, location: 2F
2-1: Ball
3-1: Base on Balls
Tyler Romero to second
Batting: SHB Dong-hua Sima 0-0: Ball
1-0: Fly out, F9 (Line Drive, 9, EV 92.5 MPH)
Batting: LHB Max Guatierri 0-0: Ball
1-0: Foul Ball, location: 2F
1-1: Ball
2-1: Fly out, F8 (Flyball, 8RD, EV 95.6 MPH)
Batting: LHB George Houston 0-0: Ball
1-0: Ball
2-0: Ground out U3 (Groundball, 34, EV 86.9 MPH)
Bottom of the 7th over - 0 runs, 1 hit, 0 errors, 2 left on base; Athletic Club KC 2 - Maine 6
TOP OF THE 8TH
Athletic Club KC U-21 batting - Pitching for Maine Sea Dogs : LHP Víctor Sánchez
Pinch Hitting: LHB Loran Godron 0-0: Called Strike
0-1: Ball
1-1: Ball
2-1: Ground out 5-3 (Groundball, 5, EV 93.1 MPH)
Batting: SHB Bartolo Rojas 0-0: Ball
1-0: Called Strike
1-1: Foul Ball, location: 2F
1-2: Ground out 6-3 (Groundball, 56D, EV 98.8 MPH)
Batting: RHB Martin Ryan 0-0: Called Strike
0-1: Swinging Strike
0-2: Ball
1-2: Ball
2-2: Ground out 4-3 (Groundball, 4S, EV 65.0 MPH)
Top of the 8th over - 0 runs, 0 hits, 0 errors, 0 left on base; Athletic Club KC 2 - Maine 6
BOTTOM OF THE 8TH
Maine Sea Dogs batting - Pitching for Athletic Club KC U-21 : LHP Ernesto Bernal
Now in RF: Salvador Guillén
Batting: RHB Gilbert Bishop 0-0: Called Strike
0-1: Swinging Strike
0-2: Ball
1-2: Ball
2-2: Strikes out swinging
Batting: LHB Yu Wang 0-0: Ball
1-0: Ball
2-0: Called Strike
2-1: Ball
3-1: Ground out 5-3 (Groundball, 56, EV 100.6 MPH)
Batting: LHB Eddie Jones 0-0: Called Strike
0-1: Ball
1-1: SINGLE (Groundball, 13, EV 87.5 MPH) (infield hit)
Pitching: LHP Howard Bass
Pinch Hitting: RHB Sean McClendon 0-0: Ground out 4-3 (Groundball, 34S, EV 88.1 MPH)
Bottom of the 8th over - 0 runs, 1 hit, 0 errors, 1 left on base; Athletic Club KC 2 - Maine 6
TOP OF THE 9TH
Athletic Club KC U-21 batting - Pitching for Maine Sea Dogs : LHP Víctor Sánchez
Now in CF: Arturo Martas
Pinch Hitting: LHB Andrés Sousa 0-0: Called Strike
0-1: Foul Ball, location: 2F
0-2: Ball
1-2: Strikes out swinging
Batting: RHB Kelsey Walker 0-0: Ball
1-0: SINGLE (Line Drive, 8LS, EV 95.0 MPH)
Batting: RHB Carl Vaughn
Batting: LHB António García 0-0: Fly out, F8 (Flyball, 8LD, EV 97.5 MPH)
Batting: RHB Ni Xú 0-0: Called Strike
0-1: Ball
1-1: Foul Ball, location: 2F
1-2: Ball
2-2: Ball
3-2: Fly out, F9 (Flyball, 89S, EV 89.4 MPH)
Top of the 9th over - 0 runs, 1 hit, 0 errors, 1 left on base; Athletic Club KC 2 - Maine 6
Monday, April 1st , 2024 - OOTP Baseball 23.10 Build 110